 Dungeon Crawl Stone Soup version 0.28.0-53-g5a82cb258f (webtiles) character file.

Game seed: 7485369601853223888

16 Sin92 the Skirmisher (level 2, 0/24 HPs)
             Began as a Demonspawn Fighter on June 16, 2022.
             Succumbed to an adder's poison
             ... on level 2 of the Dungeon.
             The game lasted 00:01:03 (1060 turns).

Sin92 the Skirmisher (Demonspawn Fighter)           Turns: 1060, Time: 00:01:03

Health: 0/24       AC: 13    Str: 16    XL:     2   Next: 41%
Magic:  2/2        EV:  9    Int:  9    God:
Gold:   16         SH:  0    Dex: 12    Spells: 1/1 levels left

rFire   . . .      SeeInvis .   l - +0 executioner's axe
rCold   . . .      Faith    .   (shield currently unavailable)
rNeg    . . .      Spirit   .   b - +0 scale mail
rPois   .          Reflect  .   k - +1 hat
rElec   .          Harm     .   (no cloak)
rCorr   .          Rampage  .   (no gloves)
Will    .....                   (no boots)
Stlth   ..........              (no amulet)
HPRegen 0.08/turn               (no ring)
MPRegen 0.08/turn               (no ring)

@: lethally poisoned (0 -> -10), sanguine armoured
A: sanguine armour 1
a: no special abilities


You were on level 2 of the Dungeon.
You visited 1 branch of the dungeon, and saw 2 of its levels.

You collected 16 gold pieces.

Inventory:

Hand Weapons
 a - a +0 war axe
 l - a +0 executioner's axe (weapon)
Armour
 b - a +0 scale mail (worn)
 c - a +0 buckler
 k - a +1 hat (worn)
Jewellery
 e - a +6 ring of strength
 h - a +4 ring of slaying
Scrolls
 f - a scroll of immolation {unknown}
 j - a scroll of teleportation {unknown}
Potions
 d - a potion of might
 g - a potion of curing {unknown}
 i - a potion of heal wounds {unknown}


   Skills:
 + Level 3.1 Fighting
 * Level 2.0 Axes
 + Level 2.8 Armour
 + Level 0.5 Dodging
 - Level 2.8 Shields


You had one spell level left.
You didn't know any spells.
Your spell library was empty.

Dungeon Overview and Level Annotations

Branches:
Dungeon (2/15)

Altars:


Innate Abilities, Weirdness & Mutations

When seriously injured, your blood forms armour. (AC +6)


Message History

The adder is heavily wounded.
The adder barely misses you. The adder bites you but does no damage.
Unknown command.
You barely miss the adder.
The adder is heavily wounded.
The adder bites you but does no damage. The adder misses you.
The adder bites you but does no damage.
Unknown command.
You completely miss the adder.
The adder is heavily wounded.
The adder bites you but does no damage. The adder closely misses you.
You closely miss the adder.
The adder is heavily wounded.
The adder bites you but does no damage. The adder bites you.
You are poisoned.
The adder poisons you!
Unknown command.
You are too injured to fight recklessly!
Unknown command.
You are too injured to fight recklessly!
Unknown command.
You are too injured to fight recklessly!
Unknown command.
You are too injured to fight recklessly!
You barely miss the adder.
The adder is heavily wounded.
You feel very sick. The adder closely misses you.
The adder bites you but does no damage. The adder closely misses you.
You closely miss the adder.
The adder is heavily wounded.
You feel sick. The adder bites you.
* * * LOW HITPOINT WARNING * * *
You are lethally poisoned!
The adder poisons you! The adder bites you.
* * * LOW HITPOINT WARNING * * *
Unknown command.
You hit the adder.
The adder is almost dead.
You die...

#........
#.$........
#..........
#.........
#........
##......#
#<......+
##......#
#..@S..#
#####..# .#
.. .. .# #


You could see an adder.

Vanquished Creatures
  4 endoplasms (D:1)
  2 giant cockroaches (D:1)
  A goblin (D:1)
  A hobgoblin (D:1)
  A bat (D:1)
  A frilled lizard (D:1)
  2 kobolds (D:1)
  4 rats (D:1)
16 creatures vanquished.

Notes
Turn   | Place    | Note
-------+----------+-------------------------------------------
     0 | D:1      | Sin92 the Demonspawn Fighter began the quest for the Orb.
     0 | D:1      | Reached XP level 1. HP: 18/18 MP: 1/1
   365 | D:1      | Gained mutation: When seriously injured, your blood forms
                  | armour. (AC +6) [demonic ancestry]
   365 | D:1      | Reached XP level 2. HP: 23/24 MP: 2/2
  1060 | D:2      | Succumbed to an adder's poison

Illustrated notes

Levels and vault maps discovered:
D:1:      wander_arrival_peaceful_grave, layout_loops_corners,
          minmay_misc_feat_roman, st_stairs_3, kennysheep_doodads
D:2:      layout_basic, shapermc_ecumenical_altar_mp_highgroup, moated_statue,
          minmay_ruptured, uniq_terence, uniq_jessica

Skill      XL: |  1  2 |
---------------+-------+-----
Axes           | 2 |  2.0
Fighting       | |  3.1
Armour         | |  2.8
Dodging        | |  0.5
Shields        | |  2.8

Action                   || total
-------------------------++-------
Melee: War axe           ||    35
       Executioner's axe ||    11
Armor: Scale mail        ||    16
Dodge: Dodged            ||    30
Block: Buckler           ||     7
